 Dungeon Crawl Stone Soup version 0.13.0-21-ge43020b (webtiles) character file.

1638 MDvedh the Basher (level 8, 0/74 HPs)
             Began as an Ogre Hunter on Oct 26, 2013.
             Was an Initiate of Okawaru.
             Succumbed to Sigmund's poison
             ... on Level 7 of the Dungeon.
             The game lasted 00:17:10 (6729 turns).

MDvedh the Basher (Ogre Hunter)                     Turns: 6729, Time: 00:17:11

HP   0/74        AC  5     Str 20      XL: 8   Next: 68%
MP   7/7         EV 17     Int 10      God: Okawaru [......]
Gold 243         SH  0     Dex 15      Spells:  0 memorised,  7 levels left

Res.Fire  : + . .   See Invis. : .   q - +1,+0 flail
Res.Cold  : + + +   Warding    : .   z - +0 robe {MR+}
Life Prot.: . . .   Conserve   : .   (shield restricted)
Res.Poison: +       Res.Corr.  : .   (helmet restricted)
Res.Elec. : +       Clarity    : .   o - +1 cloak
Sust.Abil.: . .     Spirit.Shd : .   (gloves unavailable)
Res.Mut.  : .       Stasis     : .   (boots unavailable)
Res.Rott. : .       Flight     : .   (no amulet)
Saprovore : + . .                    j - ring of protection from cold
                                     y - ring of flight

@: agile, very poisoned, quite resistant to hostile enchantments, stealthy
A: unfitting armour, cold resistance 1, fast metabolism 1, sense surroundings 1,
saprovore 1, tough skin 1, EV +2
a: Renounce Religion, Evoke Flight


You were on level 7 of the Dungeon.
You worshipped Okawaru.
Okawaru was noncommittal.
You were not hungry.

You visited 2 branches of the dungeon, and saw 8 of its levels.

You collected 223 gold pieces.

Inventory:

Hand weapons
 a - a cursed +1,+1 club {=f}
 q - a +1,+0 flail (weapon)
Missiles
 c - 2 throwing nets (quivered)
Armour
 o - a +1 cloak (worn)
 z - a +0 robe of magic resistance (worn)
Magical devices
 p - a wand of cold (0)
Comestibles
 f - 4 meat rations
 g - a bread ration
 h - a royal jelly
 m - 15 sultanas
Scrolls
 e - 2 scrolls of remove curse
 w - 3 scrolls of identify
 x - 3 scrolls of teleportation
 B - 2 scrolls of amnesia
 C - 3 scrolls of blinking
Jewellery
 i - an uncursed ring of sustain abilities
 j - a ring of protection from cold (right hand)
 k - an uncursed ring of regeneration {unknown}
 s - a +2 ring of intelligence
 t - an uncursed ring of ice
 v - an uncursed ring of wizardry
 y - a ring of flight (left hand)
Potions
 d - a potion of restore abilities {unknown}
 l - a potion of resistance
 r - a potion of paralysis {unknown}
 u - a potion of agility


   Skills:
 - Level 2.6 Fighting
 + Level 13.0 Maces & Flails
 - Level 4.3 Throwing
 - Level 1.7 Dodging
 - Level 0.7 Stealth


You had 7 spell levels left.
You didn't know any spells.

Dungeon Overview and Level Annotations

Branches:
Dungeon (7/27)             Temple (1/1) D:6
    Orc: D:6-11

Altars:
Ashenzari
Cheibriados
Elyvilon
Fedhas
Kikubaaqudgha
Makhleb
Nemelex Xobeh
Okawaru
Sif Muna
Trog
Xom
Yredelemnul
Zin
the Shining One

Annotations:
D:7 Sigmund


Innate Abilities, Weirdness & Mutations

You are too large for most types of armour.
You have a fast metabolism.
You can tolerate rotten meat.
You have tough skin (AC +1).
You are surrounded by a mild repulsion field (EV +2).
Your flesh is cold resistant.
You passively map a small area around you.


Message History

Okay, then.
Drink which item? (? for menu, Esc to quit)
You feel more agile all of a sudden.
It was a potion of agility.
* * * LOW HITPOINT WARNING * * *
You feel sick.
You start resting.
* * * LOW HITPOINT WARNING * * *
You feel very sick.
You start resting.
* * * LOW HITPOINT WARNING * * *
You feel very sick.
You start resting.
* * * LOW HITPOINT WARNING * * *
You feel very sick.
You start resting.
* * * LOW HITPOINT WARNING * * *
You feel very sick.
You start resting.
You die...

, #.# #.# * #.####.# *, *
, #####...##.###
.............. . . * * *
, ......#...#####.....
#######....#...........
...................###.#
,, ######[...............
.####.###.#####.@.#..####
.....<.##...#........#
.##.{.......#.######## *
##.(.###....#
#####.####.####
.....(.....# ############


There were no monsters in sight!

Vanquished Creatures
  A griffon zombie (D:5)
  Menkaure (D:4)
  An orc warrior (Temple)
  A phantom (D:6)
  An ice beast (D:6)
  A giant frog (D:7)
  A gnoll sergeant (D:5)
  A jelly (Temple)
  2 hounds
  An orc priest (D:4)
  Crazy Yiuf (D:5)
  5 orc wizards
  A giant frog skeleton (D:5)
  2 iguanas (D:4)
  A worker ant (D:7)
  2 sky beast zombies (D:5)
  A hound zombie (D:5)
  Terence (D:2)
  7 adders
  3 gnolls
  A giant mite (D:3)
  A worm (D:3)
  A giant eyeball (D:5)
  5 giant geckos
  An ooze (D:3)
  16 orcs
  2 ball pythons
  22 bats
  A bat skeleton (D:5)
  4 giant cockroaches
  8 hobgoblins
  9 jackals
  6 giant newts
  11 goblins
  10 kobolds
  3 quokkas
  11 rats
147 creatures vanquished.

Notes
Turn   | Place    | Note
--------------------------------------------------------------
     0 | D:1      | MDvedh, the Ogre Hunter, began the quest for the Orb.
     0 | D:1      | Reached XP level 1. HP: 20/20 MP: 0/0
   201 | D:1      | Reached XP level 2. HP: 23/28 MP: 1/1
   735 | D:2      | Reached XP level 3. HP: 35/35 MP: 2/2
   759 | D:2      | Noticed Terence
   774 | D:2      | Killed Terence
  1384 | D:2      | Reached XP level 4. HP: 40/44 MP: 3/3
  1450 | D:2      | Reached skill level 5 in Maces & Flails
  1853 | D:3      | Found a white marble altar of Elyvilon.
  2019 | D:3      | Gained mutation: Your flesh is cold resistant. [potion of mutation]
  2019 | D:3      | Gained mutation: You passively map a small area around you. [potion of mutation]
  2019 | D:3      | Gained mutation: You are surrounded by a mild repulsion field (EV +2). [potion of mutation]
  2020 | D:3      | Gained mutation: Your magical capacity is low (-10% MP). [potion of mutation]
  2020 | D:3      | Lost mutation: Your magical capacity is low (-10% MP). [potion of mutation]
  2205 | D:3      | Reached skill level 6 in Maces & Flails
  2291 | D:3      | Reached XP level 5. HP: 38/50 MP: 4/4
  2972 | D:4      | Reached skill level 7 in Maces & Flails
  3158 | D:4      | Reached XP level 6. HP: 35/58 MP: 5/5
  3276 | D:4      | Noticed Menkaure
  3289 | D:4      | Killed Menkaure
  3289 | D:4      | Reached skill level 8 in Maces & Flails
  3429 | D:4      | Reached skill level 9 in Maces & Flails
  3981 | D:5      | Entered Level 5 of the Dungeon
  3987 | D:4      | Reached XP level 7. HP: 60/66 MP: 6/6
  4265 | D:5      | Noticed Crazy Yiuf
  4523 | D:6      | Reached skill level 10 in Maces & Flails
  4625 | D:5      | Found a shimmering altar of Xom.
  4930 | D:5      | Noticed a griffon zombie
  4948 | D:5      | Killed Crazy Yiuf
  4967 | D:5      | Killed a griffon zombie
  4967 | D:5      | Reached skill level 11 in Maces & Flails
  4967 | D:5      | Reached XP level 8. HP: 31/74 MP: 7/7
  5208 | D:5      | Paralysed by a giant eyeball for 2 turns
  5412 | D:6      | Found a staircase to the Ecumenical Temple.
  5431 | Temple   | Entered the Ecumenical Temple
  5488 | Temple   | Became a worshipper of Warmaster Okawaru
  5538 | D:6      | Found a deep blue altar of Sif Muna.
  5567 | Temple   | Reached skill level 12 in Maces & Flails
  6654 | D:7      | Noticed Sigmund
  6673 | D:7      | Reached skill level 13 in Maces & Flails
  6727 | D:7      | HP: 3/74 [poisoned by Sigmund]
  6729 | D:7      | Succumbed to Sigmund's poison

Action                   |  1- 3 |  4- 6 |  7- 9 || total
-------------------------+-------+-------+-------++-------
Melee: Club              |   108 |       |       ||   108
       Flail             |    34 |   190 |   245 ||   469
       Unarmed           |       |       |     6 ||     6
Throw: Large rock        |     3 |     4 |     8 ||    15
Evoke: Wand              |       |     1 |     4 ||     5
  Use: Scroll            |       |    12 |     5 ||    17
       Potion            |       |     5 |     6 ||    11
 Stab: Sleeping          |     1 |     1 |       ||     2
